 Dungeon Crawl Stone Soup version 0.30-a0-373-gd37427bb62 (webtiles) character file.

Game seed: 4123238204465631595

4812 Maxmaps the Martial Artist (level 10, -3/70 HPs)
             Began as a Demonspawn Monk on Nov 23, 2022.
             Was an Initiate of Gozag.
             Slain by a sun demon (18 damage)
             ... summoned by a kobold demonologist
             ... on level 9 of the Dungeon.
             The game lasted 00:08:52 (9543 turns).

Maxmaps the Martial Artist (Demonspawn Monk)        Turns: 9543, Time: 00:08:53

Health: -3/70      AC: 16    Str: 11    XL:     10   Next: 24%
Magic:  10/10      EV:  9    Int: 14    God:    Gozag
Gold:   1473       SH:  0    Dex: 17    Spells: 9/9 levels left

rFire   . . .      SeeInvis .      - Unarmed
rCold   . . .      Faith    .    (no shield)
rNeg    + . .      Spirit   .    h - +0 scale mail
rPois   +          Reflect  .    q - +1 helmet
rElec   .          Harm     .    m - +2 ratskin cloak {*Rats rPois rN+ Str-1 Int-1 Dex+1}
rCorr   .          Rampage  .    (no gloves)
Will    .....                    B - +0 pair of boots
Stlth   +.........               (no amulet)
HPRegen 0.31/turn                (no ring)
MPRegen 0.12/turn                (no ring)

@: spiked, studying Fire Magic
A: claws 2, molten scales 2, foul stench 1, demonic magic 1
a: Renounce Religion, Potion Petition, Call Merchant, Bribe Branch


You were on level 9 of the Dungeon.
You worshipped Gozag.
Gozag was most pleased with you.
You visited 2 branches of the dungeon, and saw 10 of its levels.
You also visited: Ossuary.

You collected 1526 gold pieces.
You spent 53 gold pieces at shops.

Inventory:

Hand Weapons
 a - a +1 falchion
Armour
 b - a +0 robe
 h - a +0 scale mail (worn)
 m - the +2 ratskin cloak (worn) {*Rats rPois rN+ Str-1 Int-1 Dex+1}
   (You found it on level 2 of the Dungeon)

   When the wearer is hurt, rats may emerge from it to assist them.
   Str:       It affects your strength (-1).
   Int:       It affects your intelligence (-1).
   Dex:       It affects your dexterity (+1).
   rPois:     It protects you from poison.
   rN:        It protects you from negative energy.
 q - a +1 helmet (worn)
 B - a +0 pair of boots (worn)
Jewellery
 v - a ring of protection from cold
 A - a +6 ring of strength
Wands
 j - a wand of paralysis (13)
 F - a wand of digging (4)
 I - a wand of quicksilver (8)
Scrolls
 e - 12 scrolls of teleportation
 p - 4 scrolls of identify
 r - 2 scrolls of fear
 t - 2 scrolls of amnesia
 z - a scroll of silence
 E - 2 scrolls of butterflies
Potions
 c - 4 potions of ambrosia
 d - 3 potions of attraction
 f - 2 potions of degeneration
 g - a potion of berserk rage {unknown}
 i - 2 potions of cancellation
 k - 3 potions of magic
 l - 3 potions of flight
 n - 4 potions of haste
 o - a potion of heal wounds
 s - 2 potions of brilliance
 u - 3 potions of mutation {unknown}
 w - 7 potions of curing
 D - a potion of might
 H - a potion of lignification {unknown}
 L - a potion of resistance {unknown}


   Skills:
 - Level 3.0 Fighting
 - Level 2.6 Long Blades
 - Level 6.0 Maces & Flails
 - Level 4.5 Armour
 - Level 2.6 Dodging
 - Level 1.7 Stealth
 + Level 11.4 Unarmed Combat


You had 9 spell levels left.
You didn't know any spells.
Your spell library contained the following spells:

 Spells                   Type           Power      Damage    Failure   Level
 Freeze                   Ice            0%         1d3       83%         1
 Magic Dart               Conj           0%         1d3       83%         1
 Shock                    Conj/Air       0%         1d3       83%         1
 Sting                    Tmut/Pois      0%         1d3       83%         1
 Ensorcelled Hibernation  Hex/Ice        0%         N/A       92%         2
 Passwall                 Tmut/Erth      0%         N/A       92%         2
 Poisonous Vapours        Pois/Air       0%         N/A       92%         2
 Searing Ray              Conj           0%         2d4       92%         2
 Frozen Ramparts          Ice            0%         1d1       99%         3
 Hailstorm                Conj/Ice       0%         3d3       99%         3
 Portal Projectile        Hex/Tloc       0%         N/A       99%         3
 Swiftness                Air            0%         N/A       99%         3
 Tukima's Dance           Hex            0%         N/A       99%         3
 Airstrike                Air            0%         2d(0-16)  100%        4
 Fulminant Prism          Conj/Hex       0%         3d5       100%        4
 Ice Form                 Ice/Tmut       0%         N/A       100%        4
 Olgreb's Toxic Radiance  Pois           0%         N/A       100%        4
 Summon Ice Beast         Ice/Summ       0%         N/A       100%        4
 Blade Hands              Tmut           0%         N/A       100%        5


Dungeon Overview and Level Annotations

Branches:
Dungeon (9/15)             Temple (1/1) D:4         Ossuary (visited)
   Lair: D:8-11         Orc: D:9-12

Altars:
Ashenzari
Cheibriados
Gozag
Kikubaaqudgha
Makhleb
Okawaru
Qazlal
Ru
Sif Muna
Trog
Uskayaw
Vehumet
Wu Jian
Xom
Yredelemnul

Shops:
D:1 ?   D:3 *

Annotations:
D:8 4 runed translucent doors


Innate Abilities, Weirdness & Mutations

You have very sharp fingernails.
You are mostly covered in molten scales. (AC +3)
You may rarely emit foul miasma when damaged in melee.
Spells you cast may paralyse adjacent enemies.


Message History

A kobold demonologist is nearby!
The kobold demonologist casts a spell.
You barely miss the kobold demonologist.
You claw the kobold demonologist!
The kobold demonologist is moderately wounded.
You claw the kobold demonologist!
The kobold demonologist is heavily wounded.
The kobold demonologist gestures wildly while chanting.
You closely miss the kobold demonologist.
The kobold demonologist is heavily wounded.
The kobold demonologist hits you but does no damage.
The red devil hits you from afar with a +0 trident!
Barbed spikes become lodged in your body.
You miss the kobold demonologist.
The kobold demonologist is heavily wounded.
The kobold demonologist closely misses you.
The red devil barely misses you. The sun demon barely misses you.
You scratch the kobold demonologist but do no damage.
The kobold demonologist is heavily wounded.
The kobold demonologist hits you but does no damage.
The red devil closely misses you.
You scratch the kobold demonologist but do no damage.
Your claw misses the kobold demonologist.
The kobold demonologist is heavily wounded.
The sun demon hits you!!
A hell rat scurries out from under your cloak.
You are engulfed in flames!
Unknown command.
You scratch the kobold demonologist.
The kobold demonologist is heavily wounded.
The sun demon hits you but does no damage.
The kobold demonologist closely misses you.
The red devil hits you from afar with a +0 trident!
* * * LOW HITPOINT WARNING * * *
Barbed spikes become lodged in your body.
You closely miss the kobold demonologist.
The kobold demonologist is heavily wounded.
The sun demon hits you!!
You die...
Your body crumbles into a pile of gold.

.. ...###...# ..
#........# .. #........#
.. #........# .#
#.......$##..#
#...4....##..#
#....3K..##..##..#
#....r@..##..##..# #.#
#........##..##..# #.#
#........##..##..# #.#
#........##..##..# #.#
#........##..##..# #.#
#........##..##..# #.#
..........##......####.#
......................>.
########################


You could see a sun demon (summoned), a kobold demonologist (ally target), a red
devil (summoned) and a friendly hell rat.

Vanquished Creatures
  Psyche (D:9)
  Grinder (D:6)
  A wyvern (D:8)
  A steam dragon (D:6)
  Menkaure (D:6)
  Duvessa (D:6)
  2 water moccasins
  2 orc warriors (D:8)
  A hornet zombie (Ossuary)
  An ice beast (D:5)
  3 ogres
  3 centaurs
  A kobold brigand (D:6)
  A gnoll sergeant (D:9)
  A scorpion (D:5)
  4 bullfrogs
  2 necrophages
  2 wyvern zombies (Ossuary)
  3 wights (D:6)
  Dowan (D:6)
  6 howler monkeys
  A centaur zombie (Ossuary)
  5 bullfrog zombies (Ossuary)
  4 hounds
  3 orc priests
  2 gnoll boudas
  Crazy Yiuf (D:3)
  4 iguanas
  9 orc wizards
  3 killer bee zombies (Ossuary)
  A howler monkey zombie (Ossuary)
  13 mummies (Ossuary)
  14 gnolls
  7 adders
  2 shadow imps (D:7)
  2 white imps (D:7)
  An ufetubus (D:6)
  4 worms
  26 orcs
  5 endoplasms
  3 goblins
  4 hobgoblins
  10 jackals
  3 quokkas
  6 ball pythons
  6 bats
  A frilled lizard (D:1)
  13 kobolds
  8 rats
200 creatures vanquished.

Vanquished Creatures (collateral kills)
  A centaur (D:8)
  A bullfrog zombie (Ossuary)
  A jelly (D:7)
  A mummy (Ossuary)
  An orc (D:3)
  A hobgoblin (D:3)
6 creatures vanquished.

Vanquished Creatures (others)
  4 demonic plants (D:7)
  6 plants
  8 withered plants (Ossuary)
18 creatures vanquished.

Grand Total: 224 creatures vanquished

Notes
Turn   | Place    | Note
-------+----------+-------------------------------------------
     0 | D:1      | Maxmaps the Demonspawn Monk began the quest for the Orb.
     0 | D:1      | Reached XP level 1. HP: 18/18 MP: 1/1
   124 | D:1      | Reached skill level 1 in Armour
   513 | D:1      | Gained mutation: You may rarely emit foul miasma when
                  | damaged in melee. [demonic ancestry]
   513 | D:1      | Reached XP level 2. HP: 15/24 MP: 2/2
   701 | D:1      | Found Ofah's Magic Scroll Emporium.
   710 | D:1      | Bought a scroll of teleportation for 33 gold pieces
  1266 | D:2      | Gained mutation: You are partially covered in molten
                  | scales. (AC +2) [demonic ancestry]
  1266 | D:2      | Reached XP level 3. HP: 15/29 MP: 3/3
  1335 | D:2      | Found the +2 ratskin cloak {*Rats rPois rN+ Str-1 Int-1
                  | Dex+1}
  1968 | D:3      | Found Heq Atiu's General Store.
  1977 | D:3      | Bought a scroll of identify for 20 gold pieces
  2109 | D:3      | Gained mutation: You are mostly covered in molten scales.
                  | (AC +3) [demonic ancestry]
  2109 | D:3      | Reached XP level 4. HP: 11/35 MP: 4/4
  2284 | D:3      | Found a faded altar of an unknown god.
  2575 | D:3      | Gained mutation: You have sharp fingernails. [demonic
                  | ancestry]
  2575 | D:3      | Reached XP level 5. HP: 34/41 MP: 5/5
  2635 | D:3      | Found a runed translucent door.
  2636 | D:3      | Noticed Crazy Yiuf
  2644 | D:3      | Killed Crazy Yiuf
  2648 | D:3      | Identified the +8 hammer "Citaoffo" {vorpal, Dex+3}
  2856 | D:4      | Reached skill level 1 in Unarmed Combat
  2866 | D:4      | Found a staircase to the Ecumenical Temple.
  2884 | Temple   | Entered the Ecumenical Temple
  2923 | Temple   | Became a worshipper of Gozag Ym Sagoz the Greedy
  2933 | D:4      | Noticed an ogre
  2941 | D:4      | Killed an ogre
  2942 | D:4      | Reached skill level 2 in Unarmed Combat
  2942 | D:4      | Reached XP level 6. HP: 14/47 MP: 6/6
  3199 | D:4      | Found a snail-covered altar of Cheibriados.
  3356 | D:4      | Reached skill level 1 in Maces & Flails
  4017 | D:5      | Entered Level 5 of the Dungeon
  4060 | D:5      | Reached XP level 7. HP: 51/52 MP: 7/7
  4213 | D:5      | Found a broken altar of Ashenzari.
  4479 | D:5      | Reached skill level 5 in Maces & Flails
  4733 | D:5      | Found a burning altar of Makhleb.
  5154 | D:6      | Found a sand-covered staircase.
  5158 | Ossuary  | Entered an ossuary
  5166 | Ossuary  | Reached XP level 8. HP: 58/58 MP: 8/8
  5177 | Ossuary  | Reached skill level 3 in Unarmed Combat
  5232 | Ossuary  | Reached skill level 4 in Unarmed Combat
  5397 | Ossuary  | Reached skill level 5 in Unarmed Combat
  5475 | Ossuary  | Reached skill level 6 in Unarmed Combat
  5925 | D:6      | Identified a scroll of acquirement
  5925 | D:6      | Acquired a manual of Fire Magic
  6097 | D:6      | Reached skill level 7 in Unarmed Combat
  6312 | D:6      | Gained mutation: Spells you cast may paralyse adjacent
                  | enemies. [demonic ancestry]
  6312 | D:6      | Reached XP level 9. HP: 63/63 MP: 9/9
  6312 | D:6      | Noticed Duvessa
  6312 | D:6      | Noticed Dowan
  6335 | D:6      | Killed Duvessa
  6349 | D:6      | Killed Dowan
  6519 | D:6      | Noticed Grinder
  6528 | D:6      | Killed Grinder
  6529 | D:6      | Reached skill level 8 in Unarmed Combat
  6738 | D:6      | You fall into a shaft and drop 1 floor!
  6796 | D:6      | Noticed Menkaure
  6801 | D:6      | Killed Menkaure
  6802 | D:6      | Reached skill level 9 in Unarmed Combat
  7517 | D:7      | Reached skill level 10 in Unarmed Combat
  8126 | D:7      | Found a stormy altar of Qazlal.
  8310 | D:8      | Gained mutation: You have very sharp fingernails. [demonic
                  | ancestry]
  8310 | D:8      | Reached XP level 10. HP: 20/70 MP: 10/10
  8708 | D:8      | Found a huge runed translucent gate.
  8709 | D:8      | Found a huge runed translucent gate.
  8710 | D:8      | Found a huge runed translucent gate.
  8712 | D:8      | Found a huge runed translucent gate.
  8753 | D:8      | Reached skill level 11 in Unarmed Combat
  9413 | D:9      | Noticed Psyche
  9420 | D:9      | Paralysed by something for 4 turns
  9448 | D:9      | Killed Psyche
  9538 | D:9      | Noticed a sun demon
  9543 | D:9      | Slain by a sun demon

Illustrated notes

Levels and vault maps discovered:
D:1:      sevenhm_arrival_forest_fort_large_4, layout_basic, serial_shops,
          nicolae_lakefront_shop
D:2:      layout_basic, grunt_decor_fettered
D:3:      layout_basic, shapermc_ecumenical_altar_pompeii, serial_shops,
          nicolae_shop_stone, uniq_crazy_yiuf_cottage
D:4:      layout_loops_corners, mainiacjoe_overflow_catwalk,
          minmay_temple_entry_arrows, kennysheep_potato
D:5:      layout_basic, mainiacjoe_overflow_alcove_4,
          mainiacjoe_overflow_chevrons
D:6:      layout_basic, enter_ossuary_5, uniq_grinder, uniq_menkaure,
          uniq_duvessa
D:7:      minmay_chambers_of_fours, layout_cave_pools,
          mainiacjoe_overflow_boulevard, serial_demonic, serial_demonic_b,
          serial_demonic_g, serial_demonic_g, serial_demonic_e
D:8:      lemuel_bear_cage, layout_loops_ring
D:9:      layout_long_grid, nrook_loot_triangle, hangedman_decor_opposing,
          chequers_jeans, uniq_pikel, uniq_psyche, uniq_amaemon
Temple:   nicolae_temple_ecumenical_triangle

Skill      XL: |  1  2  3  4  5  6  7  8  9 10 |
---------------+-------------------------------+-----
Armour         | 1 2 3 4 |  4.5
Unarmed Combat | 2 7 10 11 | 11.4
Maces & Flails | 3 6 |  6.0
Fighting       | |  3.0
Long Blades    | |  2.6
Dodging        | |  2.6
Stealth        | |  1.7

Action                   |  1- 3 |  4- 6 |  7- 9 | 10-12 || total
-------------------------+-------+-------+-------+-------++-------
Melee: Falchion          |   115 |    62 |       |       ||   177
       Punch             |       |     8 |    20 |     3 ||    31
       Mace              |       |    72 |   362 |     3 ||   437
       Unarmed           |       |       |       |    89 ||    89
  Use: Scroll            |     2 |       |    19 |       ||    21
       Potion            |       |       |     1 |       ||     1
 Stab: Sleeping          |     2 |       |       |       ||     2
Armor: Robe              |     3 |       |       |       ||     3
       Scale mail        |    48 |    81 |   256 |    49 ||   434
Dodge: Dodged            |    80 |    68 |   194 |    37 ||   379

Table legend: (Time is in decaauts)
 A = Elapsed time spent in this place.
 B = Non-inter-level travel time spent in this place.
 C = Inter-level travel time spent in this place.
 D = Time resting spent in this place.
 E = Time spent auto-exploring this place.
 F = Levels seen in this place.
 G = Mean time per level.
                   A        B        C        D        E       F      G
               +--------+--------+--------+--------+--------+-----+--------+
         Total |   9697 |   9519 |    178 |   1763 |   5989 |  11 |  881.5 |
       Dungeon |   8941 |   8763 |    178 |   1588 |   5711 |   9 |  993.4 |
        Temple |     44 |     44 |      0 |      0 |     18 |   1 |   44.0 |
       Ossuary |    711 |    711 |      0 |    175 |    260 |   1 |  711.0 |
               +--------+--------+--------+--------+--------+-----+--------+

Top non-repeatable levels by time:
     D:6: 1740 daAuts
     D:4: 1145 daAuts
     D:5: 1064 daAuts
     D:8: 1033 daAuts
     D:2: 987 daAuts
     D:1: 978 daAuts
     D:3: 908 daAuts
     D:7: 840 daAuts
 Ossuary: 711 daAuts
     D:9: 242 daAuts
  Temple: 44 daAuts
